 Dungeon Crawl Stone Soup version 0.31-a0-692-gf03d1854d5 (webtiles) character file.

Game seed: 2316331504747601619

25 qw the Shooter (level 3, 0/21 HPs)
             Began as a Gargoyle Hunter on Sept 6, 2023.
             Slain by Sigmund
             ... wielding a +2 scythe of flaming
              (1 damage)
             ... on level 3 of the Dungeon.
             The game lasted 00:00:18 (992 turns).

qw the Shooter (Gargoyle Hunter)                     Turns: 992, Time: 00:00:18

Health: 0/21       AC:  8    Str: 14    XL:     3   Next: 6%
Magic:  3/3        EV: 10    Int:  9    God:
Gold:   62         SH:  0    Dex: 15    Spells: 2/2 levels left

rFire   . . .        Y - +0 shortbow
rCold   . . .        (shield currently unavailable)
rNeg    + . .        d - +0 ring mail
rPois   inf          (no helmet)
rElec   +            (no cloak)
rCorr   .            (no gloves)
SInv    .            (no boots)
Will    .....        i - amulet of the acrobat
Stlth   +            (no ring)
HPRegen 0.23/turn    (no ring)
MPRegen 0.08/turn

%: acrobat
@: no status effects
A: sickness immunity, AC +3, negative energy resistance 1, electricity
resistance, torment resistance 1, petrification resistance
a: no special abilities


You were on level 3 of the Dungeon.
You visited 1 branch of the dungeon, and saw 3 of its levels.

You collected 62 gold pieces.


Innate Abilities, Weirdness & Mutations

You are immune to sickness and miasma.
Your stone body is resilient. (AC +3)
You are immune to poison.
You resist negative energy. (rN+)
You are resistant to electric shocks. (rElec)
You are resistant to unholy torment.
You are immune to petrification.


   Skills:
 - Level 2.1 Fighting
 + Level 4.7 Ranged Weapons
 - Level 1.0 Armour
 - Level 1.5 Dodging
 - Level 1.1 Stealth


You had 2 spell levels left.
You didn't know any spells.
Your spell library was empty.

Inventory:

Hand Weapons
 Y - a +0 shortbow (weapon)
Armour
 d - a +0 ring mail (worn)
Jewellery
 b - a ring of see invisible
 i - an amulet of the acrobat (around neck)
Potions
 a - a potion of berserk rage {unknown}
 f - a potion of invisibility {unknown}
 j - a potion of degeneration {unknown}

Dungeon Overview and Level Annotations

Branches:
Dungeon (2/15)

Altars:

Annotations:
D:3 Sigmund


Message History

You kill the hobgoblin!
You have reached level 3!
Your experience leads to an increase in your attributes!
Increase (S)trength, (I)ntelligence, or (D)exterity?
You feel agile. x2
You shoot an arrow. The arrow hits the orc.
The orc is lightly wounded.
You shoot an arrow. The arrow barely misses the orc.
The orc closely misses you.
You shoot an arrow. The arrow hits the orc.
The orc is almost dead.
The orc barely misses you.
You shoot an arrow. The arrow hits the orc.
You kill the orc!
Things that are here:
a +2 short sword of flaming; an orc corpse Sigmund the Dreaded comes into view.
He is wielding a +2 scythe of flaming.
Found a small filigree amulet.
Found a stone staircase leading up.
Sigmund moves out of view.
Found a stone staircase leading down.
You hear the slow rusting of a drain nearby.
You shoot an arrow. The arrow hits Sigmund.
Sigmund is lightly wounded.
You shoot an arrow. The arrow hits Sigmund.
Sigmund is lightly wounded.
Sigmund points at you and mumbles some strange words.
The magic dart hits you.
You shoot an arrow. The arrow hits Sigmund.
Sigmund is moderately wounded.
Sigmund hits you but does no damage.
You shoot an arrow. The arrow hits Sigmund!
Sigmund is severely wounded.
Sigmund hits you from afar with a +2 scythe of flaming.
Sigmund burns you.
You shoot an arrow. The arrow closely misses Sigmund.
You shoot an arrow. The arrow closely misses Sigmund.
Sigmund hits you from afar with a +2 scythe of flaming!
Sigmund burns you.
You die...
Sigmund begins carving another notch in his scythe.

#..... ...... #.#
..<... #.# #.."...
#.# .......
#.###.@.....
#.....#.....
##..#@.$.>...
#...#.#######
#..)..# ##..##.#
#...##..#
###########...##..#
........%...####...
......####### #...#
..###..## #....


You could see Sigmund.

Vanquished Creatures
  An orc (D:3)
  3 ball pythons
  3 bats
  2 endoplasms
  3 giant cockroaches (D:1)
  2 goblins
  3 hobgoblins (D:3)
  A quokka (D:1)
  A rat (D:3)
19 creatures vanquished.

Notes
Turn   | Place    | Note
-------+----------+-------------------------------------------
     0 | D:1      | qw the Gargoyle Hunter began the quest for the Orb.
     0 | D:1      | Reached XP level 1. HP: 12/12 MP: 1/1
     0 | D:1      | 0 ||| qw: Version: 0.3-a-76-g4403597
     0 | D:1      | 0 ||| qw: Game counter: 257
     0 | D:1      | 0 ||| qw: Melee chars always use a shield: true
     0 | D:1      | 0 ||| qw: God list: Okawaru
     0 | D:1      | 0 ||| qw: Allow faded altars: false
     0 | D:1      | 0 ||| qw: Do Orc after clearing Dungeon:15 true
     0 | D:1      | 0 ||| qw: Do second Lair branch before Depths: true
     0 | D:1      | 0 ||| qw: Lair rune preference: random
     0 | D:1      | 0 ||| qw: Goals: Normal
     0 | D:1      | 0 ||| PLANNING D:1-11
   254 | D:1      | Reached XP level 2. HP: 17/17 MP: 2/2
   835 | D:1      | 835 ||| UPGRADING to +0 ring mail.
   845 | D:1      | 845 ||| DROPPING +0 leather armour.
   846 | D:1      | 846 ||| UPGRADING to amulet of the acrobat.
   851 | D:1      | 851 ||| READING scroll labelled KOTETT TIJO.
   852 | D:1      | 852 ||| READING scroll labelled BOISUCSU LUOS.
   853 | D:1      | 853 ||| READING scroll labelled SUFREI BUAX.
   854 | D:1      | 854 ||| READING scroll labelled LEKAKO HYXURPH.
   857 | D:1      | 857 ||| DROPPING scroll of butterflies.
   890 | D:2      | You fall into a shaft and drop 1 floor!
   899 | D:3      | 899 ||| PLANNING SEWER
   906 | D:3      | Reached skill level 1 in Armour
   978 | D:3      | Reached XP level 3. HP: 21/21 MP: 3/3
   984 | D:3      | Noticed Sigmund
   992 | D:3      | HP: 1/21 [Sigmund/+2 scythe of flaming (9)]
   992 | D:3      | Slain by Sigmund

Levels and vault maps discovered:
D:1:      dpeg_arrival_rooms_c, layout_basic
D:2:      kb_forest_paths, layout_basic,
          hellmonk_ecumenical_altar_leap_of_faith, serial_co_window_serial,
          co_window_paths_b, co_window_corner_a, co_window_corner_a,
          co_window_corner_a, co_window_paths_b, co_window_broadway_c,
          co_window_broadway_c, co_window_corner_b, glass_columns_a,
          glass_columns_c, glass_columns_b
D:3:      layout_rooms, cheibrodos_sewer_entry_sluice, minmay_vboxes,
          uniq_sigmund, uniq_crazy_yiuf_cottage, uniq_jessica

Skill      XL: |  1  2 |
---------------+-------+-----
Armour         | 1 |  1.0
Fighting       | |  2.1
Ranged Weapons | |  4.7
Dodging        | |  1.5
Stealth        | |  1.1

Action                     || total
---------------------------++-------
   Fire: Shortbow          ||    60
    Use: Scroll            ||     4
 Armour: Leather armour    ||     5
         Ring mail         ||     9
  Dodge: Dodged            ||    15

Table legend:
 A = Non-vault XP
 B = Vault XP
 C = Vault XP percentage of total XP
 D = Non-vault monster count
 E = Vault monster count
 F = Vault count percentage of total count
                 A         B        C        D         E       F
            +---------+---------+-------+---------+---------+-------
      Total |      28 |       9 |  24.3 |      14 |       5 |  26.3
            +---------+---------+-------+---------+---------+-------
        D:1 |      18 |       0 |   0.0 |       9 |       0 |   0.0
        D:2 |       2 |       0 |   0.0 |       1 |       0 |   0.0
        D:3 |       8 |       9 |  52.9 |       4 |       5 |  55.6
            +---------+---------+-------+---------+---------+-------
